 Dungeon Crawl Stone Soup version 0.18.1-48-g4cf74bf (webtiles) character file.

262 wemp the Magician (level 6, -1/36 HPs)
             Began as an Octopode Conjurer on July 14, 2016.
             Slain by an iguana (14 damage)
             ... on level 4 of the Dungeon.
             The game lasted 00:08:34 (3097 turns).

wemp the Magician (Octopode Conjurer)               Turns: 3097, Time: 00:08:35

Health: -1/36      AC:  1    Str:  7    XL:     6   Next: 18%
Magic:  14/14      EV: 12    Int: 19    God:
Gold:   116        SH:  0    Dex: 13    Spells: 3 memorised, 9 levels left

rFire  . . .     SeeInvis .     i - +2 dagger (speed)
rCold  . . .     Gourm    .     (no shield)
rNeg   . . .     Faith    .     (helmet restricted)
rPois  +         Spirit   .     (no amulet)
rElec  .         Dismiss  .     r - ring of resist corrosion
rCorr  +         Reflect  .     s - ring of poison resistance
SustAt .         Harm     .     (no ring)
MR     .....                    (no ring)
Stlth  +++.......               (no ring)
                                (no ring)
                                (no ring)
                                (no ring)

@: not resistant to hostile enchantments, fairly stealthy
A: almost no armour, amphibious, 8 rings, constrict 8, camouflage 1, gelatinous
body 1
a: no special abilities


You were on level 4 of the Dungeon.
You were hungry.

You visited 1 branch of the dungeon, and saw 4 of its levels.

You collected 116 gold pieces.

Inventory:

Hand Weapons
 f - a +0 short sword
 i - a +2 dagger of speed (weapon)
 u - a cursed -3 dagger
 x - a +2 quarterstaff of chaos
Missiles
 o - 4 javelins (quivered)
Jewellery
 r - a ring of resist corrosion (left tentacle)
 s - a ring of poison resistance (right tentacle)
Wands
 l - a wand of flame (28/48)
Scrolls
 g - 2 scrolls of identify {unknown}
 h - a scroll of amnesia {unknown}
 j - 2 scrolls of teleportation {unknown}
 k - a scroll of enchant weapon {unknown}
 m - 2 scrolls of immolation {unknown}
 p - a scroll of noise {unknown}
 y - a scroll of blinking {unknown}
Potions
 c - 3 potions of degeneration {unknown}
 e - a potion of heal wounds {unknown}
 n - 3 potions of curing {unknown}
 q - a potion of agility {unknown}
 t - a potion of invisibility {unknown}
 v - a potion of magic {unknown}
 w - a potion of ambrosia {unknown}
Books
 a - a book of Conjurations

   Spells                             Type                      Level
   a - Magic Dart                     Conjuration                  1
   b - Searing Ray                    Conjuration                  2
   c - Dazzling Spray                 Conjuration/Hexes            3
   d - Fulminant Prism                Conjuration/Hexes            4
   e - Iskenderun's Mystic Blast      Conjuration                  4
   f - Iskenderun's Battlesphere      Conjuration/Charms           5
Comestibles
 b - 5 bread rations
 d - a meat ration
 z - a royal jelly


   Skills:
 - Level 2.0 Dodging
 - Level 2.6 Stealth
 + Level 5.8 Spellcasting
 - Level 4.0 Conjurations


You had 9 spell levels left.
You knew the following spells:

 Your Spells              Type           Power        Failure   Level  Hunger
a - Magic Dart            Conj           ###.         2%          1    None
b - Searing Ray           Conj           ###...       4%          2    None
c - Iskenderun's Mystic   Conj           ###.....     28%         4    ####...


Dungeon Overview and Level Annotations

Branches:
Dungeon (4/15)
 Temple: D:4-7

Altars:
Cheibriados
Fedhas

Annotations:
D:3 Ferkelamun's ghost, amateur MiFi


Innate Abilities, Weirdness & Mutations

You cannot wear most types of armour.
You are amphibious.
You can wear up to eight rings at the same time.
You can use your tentacles to constrict eight enemies at once.
Your skin changes colour to match your surroundings (Stealth).
Your rubbery body absorbs attacks (AC +1).


Message History

You constrict the giant cockroach.
You hit the giant cockroach but do no damage.
The giant cockroach is heavily wounded.
You constrict the giant cockroach, but do no damage.
The giant cockroach misses you.
You hit the giant cockroach.
You kill the giant cockroach!
There is a stone staircase leading up here.
The iguana bites you.
You hit the iguana. Your grab misses the iguana.
The iguana is lightly wounded.
You hit the iguana. Your grab misses the iguana.
The iguana is moderately wounded.
The iguana closely misses you.
You closely miss the iguana. You grab the iguana.
You squeeze the iguana, but do no damage.
The iguana is moderately wounded.
You constrict the iguana, but do no damage.
The iguana bites you!
You die...

#########..
##.@l.......
#.<##.......
.......##
.......
.....##
.......
.....
..J.... ....
....... ...
....... ...
.......


You could see an iguana.

Vanquished Creatures
  A howler monkey (D:4)
  An orc priest (D:3)
  Crazy Yiuf (D:3)
  A worker ant (D:4)
  Robin (D:3)
  5 adders
  An ooze (D:4)
  A dart slug (D:1)
  3 giant geckos
  6 orcs
  3 ball pythons
  3 bats
  3 giant cockroaches
  17 goblins
  4 hobgoblins
  9 kobolds
  3 quokkas (D:2)
  4 giant newts
  8 rats
75 creatures vanquished.

Notes
Turn   | Place    | Note
--------------------------------------------------------------
     0 | D:1      | wemp the Octopode Conjurer began the quest for the Orb.
     0 | D:1      | Reached XP level 1. HP: 11/11 MP: 3/3
   437 | D:1      | Reached XP level 2. HP: 17/17 MP: 3/5
   578 | D:1      | Reached skill level 3 in Spellcasting
   637 | D:1      | Reached XP level 3. HP: 15/21 MP: 7/7
  1473 | D:2      | Learned a level 2 spell: Searing Ray
  1681 | D:2      | Reached XP level 4. HP: 27/27 MP: 5/9
  1769 | D:3      | Reached skill level 4 in Spellcasting
  2123 | D:3      | Noticed Ferkelamun's ghost (amateur MiFi)
  2320 | D:3      | Noticed Crazy Yiuf
  2328 | D:3      | Killed Crazy Yiuf
  2328 | D:3      | Reached XP level 5. HP: 31/31 MP: 11/11
  2492 | D:3      | Noticed Robin
  2510 | D:3      | Killed Robin
  2804 | D:3      | Found a snail-covered altar of Cheibriados.
  2840 | D:3      | Reached skill level 5 in Spellcasting
  2863 | D:3      | Learned a level 4 spell: Iskenderun's Mystic Blast
  2974 | D:3      | Found a blossoming altar of Fedhas.
  3075 | D:4      | Reached XP level 6. HP: 32/36 MP: 12/14
  3097 | D:4      | Slain by an iguana

Skill      XL: |  1  2  3  4  5 |
---------------+----------------+-----
Spellcasting   | 3 4 5 |  5.8
Dodging        | |  2.0
Stealth        | |  2.6
Conjurations   | |  4.0

Action                   |  1- 3 |  4- 6 || total
-------------------------+-------+-------++-------
Melee: Unarmed           |    11 |       ||    11
       Constrict         |    11 |    21 ||    32
       Tentacles         |     6 |    18 ||    24
       Dagger            |    46 |   103 ||   149
       Short sword       |     2 |       ||     2
 Cast: Magic Dart        |    18 |     7 ||    25
       Searing Ray       |     1 |     2 ||     3
 Stab: Sleeping          |    10 |     5 ||    15
  Eat: Chunk             |     2 |     4 ||     6
Armor: Skin              |     2 |     9 ||    11
Dodge: Dodged            |    28 |    52 ||    80
